 Dungeon Sprint DCSS version 0.27-a0-156-gbcd94eb011 (webtiles) character file.

Game seed: 14757278188595537081

2841 mhtbhm the Martial Artist (level 9, -6/68 HPs)
             Began as an Octopode Transmuter on Jan 28, 2021.
             Was a High Priest of Sif Muna.
             Mangled by a manticore (8 damage)
             ... in the Dungeon (Sprint VII: "The Pits").
             The game lasted 00:05:10 (2066 turns).

mhtbhm the Martial Artist (Octopode Transmuter)     Turns: 2066, Time: 00:05:10

Health: -6/68      AC:  7    Str: 15    XL:     9   Next: 74%
Magic:  18/21      EV: 14    Int: 18    God:    Sif Muna [*****.]
Gold:   0          SH:  0    Dex: 13    Spells: 10/25 levels left

rFire    x . .     SeeInvis .     - Unarmed
rCold    + + +     Faith    .   (shield currently unavailable)
rNeg     . . .     Spirit   .   (helmet currently unavailable)
rPois    +         Reflect  .   (no amulet)
rElec    .         Harm     .   k - +3 ring of intelligence
rCorr    .         Rampage  .   l - +3 ring of strength
Will     .....     NoTele   +   (no ring)
Stlth    +++++.....             (no ring)
HPRegen  0.21/turn              (no ring)
MPRegen  0.17/turn              (no ring)
                                (no ring)
                                (no ring)

@: ice-form, wereblooded
A: large, almost no armour, stealthy swim, amphibious, 8 rings, (constrict 8)
a: End Transformation, Renounce Religion, Channel Magic, Forget Spell, Divine
Exegesis


You were in the Dungeon.
You worshipped Sif Muna.
Sif Muna was extremely pleased with you.
You were a creature of crystalline ice.
You visited 1 branch

Inventory:

Jewellery
 k - a +3 ring of intelligence (left front paw)
 l - a +3 ring of strength (right front paw)
Scrolls
 g - a scroll of blinking
 h - 3 scrolls of remove curse
 i - 5 scrolls of amnesia
Potions
 a - 2 potions of invisibility
 b - 8 potions of curing
 c - 3 potions of heal wounds
 d - a potion of haste
 e - 4 potions of magic
 f - 3 potions of berserk rage
 m - 4 potions of mutation
 n - a potion of brilliance


   Skills:
 + Level 3.6 Fighting
 + Level 8.0 Dodging
 + Level 10.9 Stealth
 + Level 13.0 Unarmed Combat
 + Level 8.7 Spellcasting
 + Level 9.2 Transmutations
 + Level 4.2 Ice Magic
 + Level 2.0 Poison Magic


You had 10 spell levels left.
You knew the following spells:

 Your Spells              Type           Power        Failure   Level
a - Beastly Appendage     Tmut           82%          1%          1
b - Wereblood             Tmut           41%          1%          2
c - Spider Form           Tmut/Pois      14%          2%          3
d - Ice Form              Ice/Tmut       32%          5%          4
e - Blade Hands           Tmut           20%          5%          5

Your spell library contained the following spells:

 Spells                   Type           Power        Failure   Level
 Freeze                   Ice            92%          1%          1
 Frozen Ramparts          Ice            46%          4%          3
 Ozocubu's Armour         Ice            23%          4%          3
 Magic Dart               Conj           28%          9%          1
 Searing Ray              Conj           14%          14%         2
 Hailstorm                Conj/Ice       15%          36%         4
 Summon Ice Beast         Ice/Summ       15%          36%         4
 Sticky Flame             Conj/Fire      7%           65%         4


Dungeon Overview and Level Annotations

Branches:
Dungeon (1/1)

Altars:
Ashenzari
Cheibriados
Dithmenos
Elyvilon
Fedhas
Gozag
Hepliaklqana
Kikubaaqudgha
Makhleb
Nemelex Xobeh
Okawaru
Qazlal
Ru
Sif Muna
Trog
Uskayaw
Vehumet
Wu Jian
Xom
Yredelemnul
Zin
The Shining One
Beogh
Jiyva
Lugonu


Innate Abilities, Weirdness & Mutations

You cannot wear most types of armour.
You are very stealthy in the water. (Stealth+)
You are amphibious.
You can wear up to eight rings at the same time.
((You can use your tentacles to constrict eight enemies at once.))
((Your skin changes colour to match your surroundings (Stealth+).))
((Your rubbery body absorbs attacks. (AC +1, EV +1)))


Message History

The manticore claws you.
* * * LOW HITPOINT WARNING * * *
The manticore claws you.
* * * LOW HITPOINT WARNING * * *
The hellwing misses you. The hellwing hits you.
* * * LOW HITPOINT WARNING * * *
The necrophage hits you.
* * * LOW HITPOINT WARNING * * *
Unknown command.
Unknown command.
You feel much better. The manticore barely misses you. x2
The manticore claws you.
* * * LOW HITPOINT WARNING * * *
Unknown command.
You hit the manticore. You freeze the manticore.
The manticore is almost dead.
The manticore bites you!!
* * * LOW HITPOINT WARNING * * *
The manticore claws you!
You die...

.'..#####'#####''######
##'###.......##''#####
....##.......##......+ +
....##.......##......+ .+
'#####...<...##.....##..#
))..##.......##...###....
))..##.......##..##......
######.......##'x#Z..#..#
##..###########.YH45.....
.#.############++#n..#..#
##†#....#..[[# #......
.#'#....#..[[# ##....
##)'....'..))# ..#
.#'#....#..))# .+
.'.#....#..))# +
##############


You could see a manticore, a hellwing, a necrophage, an iron imp, a leopard
gecko skeleton and a friendly small abomination (summoned).

Vanquished Creatures
  Erica (D)
  A death yak (D)
  A polar bear (D)
  2 hornets (D)
  A spriggan (D)
  A fire bat (D)
  A warg (D)
  A floating eye (D)
  An ice beast (D)
  2 black bears (D)
  A wolf (D)
  A quasit (D)
  An orc priest (D)
  An iron imp (D)
  Jessica (D)
  A river rat (D)
  A worm (D)
  4 orcs (D)
  A bat (D)
  A bat zombie (D)
  2 giant cockroaches (D)
  A goblin (D)
  A jackal (D)
  A quokka (D)
  A ball python (D)
  A rat (D)
32 creatures vanquished.

Notes
Turn   | Place    | Note
-------+----------+-------------------------------------------
     0 | D        | mhtbhm the Octopode Transmuter began the quest for the Orb.
     0 | D        | Reached XP level 1. HP: 13/13 MP: 3/3
    24 | D        | Reached skill level 4 in Unarmed Combat
    24 | D        | Reached XP level 2. HP: 6/18 MP: 3/5
    27 | D        | Found a bloodstained altar of Trog.
    27 | D        | Found a shimmering blue altar of Sif Muna.
    27 | D        | Found a viscous altar of Jiyva.
    27 | D        | Found a hazy altar of Hepliaklqana.
    27 | D        | Found an opulent altar of Gozag.
    28 | D        | Found a glowing golden altar of the Shining One.
    28 | D        | Found a glowing silver altar of Zin.
    28 | D        | Found a basalt altar of Yredelemnul.
    28 | D        | Found a shimmering altar of Xom.
    28 | D        | Found an ornate altar of the Wu Jian Council.
    28 | D        | Found a sacrificial altar of Ru.
    28 | D        | Found a stormy altar of Qazlal.
    28 | D        | Found an iron altar of Okawaru.
    28 | D        | Found a sparkling altar of Nemelex Xobeh.
    28 | D        | Found a burning altar of Makhleb.
    28 | D        | Found a blossoming altar of Fedhas.
    28 | D        | Found a white marble altar of Elyvilon.
    28 | D        | Found a shadowy altar of Dithmenos.
    28 | D        | Found a snail-covered altar of Cheibriados.
    30 | D        | Found a radiant altar of Vehumet.
    30 | D        | Found a corrupted altar of Lugonu.
    30 | D        | Found a roughly hewn altar of Beogh.
    32 | D        | Found an ancient bone altar of Kikubaaqudgha.
    32 | D        | Found a hide-covered altar of Uskayaw.
    32 | D        | Found a broken altar of Ashenzari.
    33 | D        | Became a worshipper of Sif Muna the Loreminder
   213 | D        | Learned a level 2 spell: Wereblood
   223 | D        | Reached skill level 1 in Stealth
   224 | D        | Reached * piety under Sif Muna
   298 | D        | Reached ** piety under Sif Muna
   305 | D        | Reached *** piety under Sif Muna
   306 | D        | Reached XP level 3. HP: 20/23 MP: 2/7
   309 | D        | Reached skill level 5 in Unarmed Combat
   456 | D        | Learned a level 3 spell: Spider Form
   628 | D        | Noticed a floating eye
   634 | D        | Noticed a wolf
   638 | D        | Noticed Jessica
   638 | D        | Paralysed by a floating eye for 3 turns
   641 | D        | Reached skill level 6 in Unarmed Combat
   641 | D        | Reached XP level 4. HP: 22/28 MP: 3/9
   644 | D        | Killed a floating eye
   644 | D        | Reached **** piety under Sif Muna
   645 | D        | Reached skill level 5 in Stealth
   645 | D        | Reached skill level 7 in Unarmed Combat
   645 | D        | Reached XP level 5. HP: 26/33 MP: 3/12
   651 | D        | Killed a wolf
   652 | D        | Reached skill level 5 in Dodging
   652 | D        | Reached skill level 8 in Unarmed Combat
   652 | D        | Reached skill level 5 in Spellcasting
   652 | D        | Reached skill level 5 in Transmutations
   652 | D        | Reached XP level 6. HP: 20/38 MP: 1/13
   664 | D        | Killed Jessica
   912 | D        | Learned a level 4 spell: Ice Form
   918 | D        | Learned a level 5 spell: Blade Hands
   988 | D        | Noticed a black bear
   991 | D        | Killed a black bear
   992 | D        | Reached skill level 9 in Unarmed Combat
   993 | D        | Noticed a spriggan rider
   999 | D        | Killed a hornet
   999 | D        | Reached ***** piety under Sif Muna
  1000 | D        | Reached skill level 1 in Ice Magic
  1000 | D        | Reached skill level 1 in Poison Magic
  1000 | D        | Reached XP level 7. HP: 10/45 MP: 11/16
  1001 | D        | Killed a spriggan
  1001 | D        | Identified Sif Muna's Collected Works on Burning Combat
                  | Magic (Sif Muna gifted it to you in the Dungeon)
  1001 | D        | Received a gift from Sif Muna
  1002 | D        | Reached skill level 10 in Unarmed Combat
  1414 | D        | Noticed a fire bat
  1414 | D        | Noticed a warg
  1417 | D        | Killed a warg
  1418 | D        | Reached XP level 8. HP: 51/51 MP: 11/18
  1539 | D        | Noticed a hornet
  1539 | D        | Noticed a polar bear
  1550 | D        | Killed a hornet
  1551 | D        | Reached skill level 11 in Unarmed Combat
  1554 | D        | HP: 3/61 [polar bear (4)]
  1561 | D        | Killed a polar bear
  1567 | D        | Received a gift from Sif Muna
  1568 | D        | Reached skill level 10 in Stealth
  1706 | D        | Noticed a death yak
  1731 | D        | Killed a death yak
  1732 | D        | Reached skill level 12 in Unarmed Combat
  1732 | D        | Reached XP level 9. HP: 23/57 MP: 17/21
  2047 | D        | Noticed Erica
  2048 | D        | Noticed a hellwing
  2049 | D        | Noticed a manticore
  2055 | D        | Killed Erica
  2056 | D        | Reached skill level 13 in Unarmed Combat
  2066 | D        | HP: 2/68 [manticore (18)]
  2066 | D        | Mangled by a manticore

Illustrated notes

Levels and vault maps discovered:
D:        pitsprint [storerooms_1, entrance_room_1, metal_vault_4, armoury_1,
          mini_pit_1, grid_room_1, main_hall_1, silver_pit, the_coven_1,
          the_vestibule_1, steel_vault_2, golden_pit, hallway_of_sentries,
          crystal_vault_6, iron_vault_1, final_vault]

Skill      XL: |  1  2  3  4  5  6  7  8  9 |
---------------+----------------------------+-----
Unarmed Combat | 4 6 7 8 9 10 12 13 | 13.0
Stealth        | 1 3 5 6 8 9 10 | 10.9
Dodging        | 3 4 5 6 7 8 |  8.0
Spellcasting   | 3 4 5 6 7 8 |  8.7
Transmutations | 3 4 5 6 8 9 |  9.2
Fighting       | 2 3 |  3.6
Ice Magic      | 1 3 4 |  4.2
Poison Magic   | 1 2 |  2.0

Action                   |  1- 3 |  4- 6 |  7- 9 || total
-------------------------+-------+-------+-------++-------
Melee: Unarmed           |    33 |    26 |    53 ||   112
       Tentacles         |     6 |       |       ||     6
       Constrict         |     8 |     1 |       ||     9
       Kick              |     5 |       |       ||     5
 Cast: Beastly Appendage |     3 |       |       ||     3
       Wereblood         |     4 |       |     4 ||     8
       Spider Form       |     2 |     1 |       ||     3
       Ice Form          |       |     1 |     4 ||     5
  Use: Potion            |       |     1 |     7 ||     8
       Scroll            |       |       |     1 ||     1
 Stab: Sleeping          |     4 |     2 |       ||     6
Armor: Skin              |     7 |     1 |    11 ||    19
Dodge: Dodged            |    28 |    18 |    53 ||    99

Table legend: (Time is in decaauts)
 A = Elapsed time spent in this place.
 B = Non-inter-level travel time spent in this place.
 C = Inter-level travel time spent in this place.
 D = Time resting spent in this place.
 E = Time spent auto-exploring this place.
 F = Levels seen in this place.
 G = Mean time per level.
                   A        B        C        D        E       F      G
               +--------+--------+--------+--------+--------+-----+--------+
         Total |   2054 |   2054 |      0 |   1586 |      0 |   1 | 2054.0 |
       Dungeon |   2054 |   2054 |      0 |   1586 |      0 |   1 | 2054.0 |
               +--------+--------+--------+--------+--------+-----+--------+

Top non-repeatable levels by time:
       D: 2054 daAuts
